 Dungeon Crawl Stone Soup version 0.17.1-3-g152610e (webtiles) character file.

53 Jerry the Gusty (level 3, -6/21 HPs)
             Began as an Octopode Air Elementalist on Mar 29, 2016.
             Killed from afar by an orc wizard (9 damage)
             ... with a magic dart
             ... on level 1 of the Dungeon.
             The game lasted 00:05:04 (1998 turns).

Jerry the Gusty (Octopode Air Elementalist)         Turns: 1998, Time: 00:05:05

Health: -6/21      AC:  1    Str:  7    XL:     3   Next: 87%
Magic:  0/6        EV: 13    Int: 18    God:
Gold:   41         SH:  0    Dex: 12    Spells: 1 memorised, 6 levels left

rFire  . . .     SeeInvis .     e - +3 short sword (flame)
rCold  . . .     Clarity  .     (no shield)
rNeg   . . .     SustAt   .     (helmet restricted)
rPois  .         Gourm    .     (no amulet)
rElec  .         Spirit   .     (no ring)
rCorr  .         Warding  .     (no ring)
rMut   .         Stasis   .     (no ring)
MR     .....                    (no ring)
Stlth  +++.......               (no ring)
                                (no ring)
                                (no ring)
                                (no ring)

@: very slightly contaminated, not resistant to hostile enchantments, fairly
stealthy
A: almost no armour, amphibious, 8 rings, constrict 8, camouflage 1, gelatinous
body 1
a: no special abilities


You were on level 1 of the Dungeon.
You were hungry.

You visited 1 branch of the dungeon, and saw 2 of its levels.

You collected 41 gold pieces.

Inventory:

Hand Weapons
 d - a +0 club
 e - a +3 short sword of flaming (weapon)
Scrolls
 h - a scroll of magic mapping {unknown}
Potions
 c - a potion of agility {unknown}
Books
 a - a book of Air

   Spells                             Type                      Level
   a - Shock                          Conjuration/Air              1
   b - Swiftness                      Charms/Air                   2
   c - Repel Missiles                 Charms/Air                   2
   d - Static Discharge               Conjuration/Air              3
   e - Lightning Bolt                 Conjuration/Air              5
Comestibles
 b - 2 bread rations
 f - a meat ration
 g - 6 fruits
 i - a chunk of flesh


   Skills:
 + Level 2.9 Dodging
 - Level 2.6 Stealth
 + Level 2.5 Spellcasting
 + Level 2.2 Conjurations
 - Level 3.0 Air Magic


You had 6 spell levels left.
You knew the following spells:

 Your Spells              Type           Power        Failure   Level  Hunger
a - Shock                 Conj/Air       ##..         8%          1    #......


Dungeon Overview and Level Annotations

Branches:
Dungeon (2/15)

Altars:


Innate Abilities, Weirdness & Mutations

You cannot wear most types of armour.
You are amphibious.
You can wear up to eight rings at the same time.
You can use your tentacles to constrict eight enemies at once.
Your skin changes colour to match your surroundings (Stealth).
Your rubbery body absorbs attacks (AC +1).


Message History

Aiming: Shock
Press: ? - help, Shift-Dir - straight line, f/p - orc wizard
Aim: an orc wizard, wielding a dagger and wearing a robe (heavily wounded, fast) That beam is likely to hit you.
Continue anyway?
You miscast Shock.
You are very lightly contaminated with residual magic.
Your skin tingles.
The orc wizard misses you. The orc wizard barely misses you.
Casting: Shock
Confirm with . or Enter, or press ? or * to list all spells.
Aiming: Shock
Press: ? - help, Shift-Dir - straight line, f/p - orc wizard
Aim: an orc wizard, wielding a dagger and wearing a robe (heavily wounded, fast) That beam is likely to hit you.
Continue anyway?
The zap hits the orc wizard.
The orc wizard is severely wounded.
The zap misses the orc wizard.
The zap misses you. The zap hits you!
* * * LOW HITPOINT WARNING * * *
The orc wizard gestures at you while chanting.
The magic dart hits you!
You die...

..#....###..............####.# #.
..#.#....)...#.##.#####.####.# #.
.##.#.######.#.##............# #.
.##.#.#......#.##.......###### #.
.##(#.#.######.##.####### #.
..#.#........#..#.# #.
..#.####.###.#.(#.############ #.
###.# #.# #.#........†...)..# #.
....####.# #.#.#@o##########.# #.
##....##.# #.#.#..###### #.# #.
#.##.##.# #.#.#.>.....# #.# #.
#.##.##.# #.#.#.#####.#####.###.
#.......# #.#.#.# #.#.........
####.#### #.#.#.# #.#.###.....
#.######.#.#.#####.#.########
#.#....(.........#.#.........
#####.#.####.#.#.###.#.##########


You could see an orc wizard.

Vanquished Creatures
  An orc wizard (D:1)
  3 orcs (D:1)
  2 bats (D:1)
  2 goblins (D:1)
  5 hobgoblins (D:1)
  2 jackals (D:1)
  A quokka (D:1)
  A giant gecko (D:1)
  4 kobolds (D:1)
  2 rats (D:1)
23 creatures vanquished.

Notes
Turn   | Place    | Note
--------------------------------------------------------------
     0 | D:1      | Jerry the Octopode Air Elementalist began the quest for the Orb.
     0 | D:1      | Reached XP level 1. HP: 11/11 MP: 3/3
   760 | D:1      | Reached XP level 2. HP: 9/17 MP: 5/5
  1421 | D:1      | Reached XP level 3. HP: 11/21 MP: 1/6
  1998 | D:1      | Killed from afar by an orc wizard

Action                   || total
-------------------------++-------
Melee: Unarmed           ||     5
       Short sword       ||    23
       Club              ||     1
 Cast: Shock             ||    39
 Stab: Sleeping          ||     1
  Eat: Chunk             ||     3
